 Dungeon Crawl Stone Soup version 0.22-a0-300-g82e80c5 (webtiles) character file.

160753 Firecrotchwizard the Geomancer (level 17, -7/106 HPs)
             Began as a Gargoyle Earth Elementalist on Mar 24, 2018.
             Was the Champion of Vehumet.
             Mangled by a tarantella (10 damage)
             ... on level 3 of the Lair of Beasts on Mar 25, 2018.
             The game lasted 02:23:53 (37192 turns).

Firecrotchwizard the Geomancer (GrEE)              Turns: 37192, Time: 02:23:54

Health: -7/106     AC: 29    Str: 12    XL:     17   Next: 47%
Magic:  45/45      EV: 14    Int: 28    God:    Vehumet [******]
Gold:   1268       SH:  0    Dex: 10    Spells: 14/38 levels left

rFire    + . .     SeeInvis .   L - +0 eveningstar (crush)
rCold    . . .     Gourm    .   G - +0 buckler {rF+}
rNeg     + . .     Faith    .   X - +0 swamp dragon scales
rPois    ∞         Spirit   .   o - +0 Maxwell's etheric cage {RegenMP+ *Contam rElec MP+4}
rElec    +         Reflect  +   R - scarf {cloud immunity}
rCorr    .         Harm     .   D - +2 pair of gloves
MR       +....                  s - +2 pair of boots
Stlth    ..........             O - +3 amulet of reflection
HPRegen  0.27/turn              l - ring of magical power {MP+9} MPRegen 0.79/turn*
                                c - +5 ring of intelligence

@: confused, flying
A: big wings, negative energy resistance 1, electricity resistance, unbreathing,
petrification resistance, rot immunity, AC +12
}: 1/15 runes: decaying
a: Stop Flying, Renounce Religion


You were on level 3 of the Lair of Beasts.
You worshipped Vehumet.
Vehumet was exalted by your worship.
You were not hungry.

You visited 6 branches of the dungeon, and saw 29 of its levels.
You also visited: Labyrinth.

You collected 2766 gold pieces.
You spent 1498 gold pieces at shops.

Inventory:

Hand Weapons
 B - the +7 great mace "Undeadhunter" {disrupt, rN+}
   (You took it off a centaur warrior on level 14 of the Dungeon)

   It protects you from negative energy.
 C - a +4 whip of electrocution
   (You took it off an orc on level 6 of the Dungeon)
 L - a +0 eveningstar of crushing (weapon)
   (You found it in a labyrinth)
Missiles
 b - 308 stones (quivered)
 H - a throwing net {=f, !d}
Armour
 o - the +0 Maxwell's etheric cage (worn) {RegenMP+ *Contam rElec MP+4}
   (You found it on level 4 of the Lair of Beasts)

   It insulates you from electricity.
   It affects your magic capacity (+4).
   It causes magical contamination when unequipped.
 s - a +2 pair of boots (worn)
   (You found it on level 3 of the Dungeon)
 D - a +2 pair of gloves (worn)
   (You found it on level 6 of the Dungeon)
 G - a +0 buckler of fire resistance (worn)
   (You found it on level 9 of the Dungeon)
 R - a scarf of cloud immunity (worn)
   (You found it on level 6 of the Lair of Beasts)
 X - +0 swamp dragon scales (worn)
   (You found it on level 1 of the Swamp)
Magical Staves
 t - an uncursed staff of wizardry {wiz+, !a}
   (You found it on level 8 of the Dungeon)
Jewellery
 c - a +5 ring of intelligence (right hand)
   (You took it off a deep elf mage on level 14 of the Dungeon)
 j - an uncursed ring of protection from magic {MR+, !d}
   (You found it on level 12 of the Dungeon)
 l - a ring of magical power (left hand) {MP+9}
   (You found it on level 1 of the Swamp)
 n - an uncursed ring of positive energy {rN+}
   (You found it on level 8 of the Dungeon)
 J - an uncursed ring of resist corrosion
   (You found it on level 2 of the Lair of Beasts)
 O - a +3 amulet of reflection (around neck)
   (You found it on level 12 of the Dungeon)
 V - an uncursed ring of protection from cold {rC+, !d}
   (You found it on level 3 of the Swamp)
Wands
 f - a wand of paralysis (7)
   (You found it on level 15 of the Dungeon)
 k - a wand of disintegration (21) {@e1}
   (You took it off a wight on level 7 of the Dungeon)
 v - a wand of iceblast (30)
   (You found it on level 4 of the Dungeon)
 N - a wand of acid (6)
   (You found it on level 3 of the Lair of Beasts)
 Y - a wand of scattershot (4)
   (You found it on level 4 of the Swamp)
Scrolls
 a - 2 scrolls of remove curse
 g - 2 scrolls of enchant armour
 h - 7 scrolls of teleportation
 i - 11 scrolls of identify
 u - 3 scrolls of fog
 w - 4 scrolls of magic mapping {!r}
 F - 4 scrolls of amnesia
 K - 4 scrolls of enchant weapon
 M - 2 scrolls of fear
 U - a scroll of blinking {!r}
Potions
 e - 11 potions of curing
 m - 4 potions of invisibility
 p - 2 potions of brilliance
 r - 3 potions of mutation {!q}
 z - 4 potions of agility
 A - a potion of resistance
 E - 2 potions of might
 I - 4 potions of haste
 P - a potion of magic
 Q - 6 potions of heal wounds
Miscellaneous
 x - a sack of spiders
 W - a lamp of fire
   (You found it on level 14 of the Dungeon)
Comestibles
 d - 43 rations {@e1}


   Skills:
 - Level 11.8 Fighting
 + Level 11.2 Maces & Flails
 - Level 5.0 Armour
 - Level 9.1 Dodging
 - Level 2.1 Stealth
 - Level 4.1 Shields
 - Level 11.0 Spellcasting
 + Level 13.4 Conjurations
 + Level 2.8 Translocations
   Level 0.7 Transmutations
 + Level 8.8 Fire Magic
 + Level 13.7 Earth Magic
 - Level 9.1 Evocations


You had 14 spell levels left.
You knew the following spells:

 Your Spells              Type           Power        Failure   Level  Hunger
a - Sandblast             Erth           ######       1%          1    None
b - Iron Shot             Conj/Erth      #######...   1%          6    #####..
c - Bolt of Magma         Conj/Fire/Erth ######....   1%          5    ###....
d - Passage of Golubria   Tloc           N/A          22%         4    None
x - Stone Arrow           Conj/Erth      ######       1%          3    None
z - Lee's Rapid Deconstr  Erth           #######...   1%          5    ###....


Dungeon Overview and Level Annotations

Branches:
Dungeon (15/15)            Temple (1/1) D:5            Lair (6/6) D:9
  Swamp (4/4) Lair:4       Spider (1/4) Lair:3          Orc (2/2) D:10
    Elf (0/3) Orc:2        Vaults (0/5) D:13         Depths (0/5) D:15
  Slime: Lair:5-6

Altars:
Ashenzari
Cheibriados
Dithmenos
Fedhas
Hepliaklqana
Kikubaaqudgha
Makhleb
Nemelex Xobeh
Okawaru
Qazlal
Ru
Sif Muna
Trog
Uskayaw
Vehumet
Wu Jian
Xom
Yredelemnul
Zin
The Shining One
Beogh

Shops:
D:13 [   D:14 *%(*:   Orc:2 **}::

Annotations:
D:5 Edmund, Menkaure, Sigmund
D:7 1 runed door
Lair:4 exclusion: oklob plant
Lair:5 exclusion: 2 oklob plants
Swamp:4 Kirke, Lernaean hydra


Innate Abilities, Weirdness & Mutations

You are resistant to torment.
Your stone body is resilient. (AC +12)
You are immune to poison.
Your large and strong wings let you fly indefinitely.
You resist negative energy. (rN+)
You are resistant to electric shocks. (rElec)
You can survive without breathing.
You are immune to petrification.
You are immune to rotting.


Message History

The tarantella bites you but does no damage.
The wolf spider barely misses you.
The wolf spider bites you but does no damage.
The tarantella bites you but does no damage.
The tarantella closely misses you. The tarantella barely misses you.
The tarantella closely misses you.
A tarantella comes into view.
The redback closely misses you.
The tarantella bites you but does no damage.
The wolf spider misses you.
The wolf spider bites you but does no damage.
The tarantella barely misses you. The redback barely misses you.
The tarantella bites you!
You are more confused.
The jumping spider leaps!
The tarantella closely misses you.
The redback bites you but does no damage.
The wolf spider misses you.
The wolf spider bites you but does no damage.
The wolf spider hits you but does no damage.
The wolf spider misses you. The tarantella closely misses you.
The tarantella bites you but does no damage.
The redback closely misses you.
You fly upwards.
Welcome back to the Lair of Beasts!
There is a hole to the Spider Nest here.
You take 10 damage, and have 75/106 hp.
You regained 3 mp, and now have 44/45 mp.
Unknown command.
You puncture the tarantella! The tarantella barely misses you.
The tarantella misses you. The redback barely misses you.
The tarantella barely misses you.
The wolf spider hits you but does no damage.
The wolf spider bites you but does no damage.
The wolf spider closely misses you. The wolf spider barely misses you.
The tarantella bites you but does no damage.
The redback bites you! The tarantella bites you.
You are more confused.
The tarantella bites you but does no damage.
You take 15 damage, and have 60/106 hp.
You closely miss the redback.
The redback bites you but does no damage.
The wolf spider hits you but does no damage.
The wolf spider bites you but does no damage.
The tarantella bites you but does no damage.
The wolf spider barely misses you. x2; The redback closely misses you.
The tarantella barely misses you.
The tarantella bites you but does no damage.
The tarantella barely misses you. The redback bites you!
You take 6 damage, and have 54/106 hp.
You're too confused to move!
The wolf spider closely misses you. The wolf spider misses you.
The wolf spider hits you but does no damage.
The wolf spider closely misses you.
The tarantella bites you but does no damage.
The redback bites you!
The tarantella bites you but does no damage. x2
The tarantella closely misses you. The redback bites you!
The wolf spider closely misses you.
The wolf spider bites you but does no damage.
The tarantella misses you. The wolf spider hits you!
* * * LOW HITPOINT WARNING * * *
The wolf spider bites you but does no damage.
The tarantella bites you but does no damage.
The redback bites you but does no damage.
The tarantella misses you.
You take 31 damage, and have 23/106 hp.
MASSIVE DAMAGE!!
MP restored: 45 You closely miss the redback.
The tarantella bites you but does no damage.
The redback barely misses you. The tarantella closely misses you.
The wolf spider barely misses you.
The wolf spider bites you but does no damage.
The wolf spider hits you!
* * * LOW HITPOINT WARNING * * *
The wolf spider barely misses you.
The redback bites you but does no damage.
The tarantella misses you.
The tarantella bites you but does no damage.
The tarantella bites you.
* * * LOW HITPOINT WARNING * * *
You are more confused.
You take 15 damage, and have 8/106 hp.
You puncture the wolf spider! The redback closely misses you.
The tarantella closely misses you.
The wolf spider hits you but does no damage.
The wolf spider barely misses you. x2
The wolf spider bites you but does no damage.
The redback bites you but does no damage.
The tarantella bites you but does no damage.
The tarantella barely misses you. The tarantella completely misses you.
The redback misses you. The wolf spider completely misses you.
The wolf spider bites you but does no damage.
The tarantella bites you but does no damage.
You bludgeon the tarantella!! The wolf spider barely misses you.
The wolf spider bites you.
* * * LOW HITPOINT WARNING * * *
The redback bites you but does no damage.
The tarantella bites you but does no damage. x2
The tarantella bites you!
You die...

......................#P.##.P..#
###......#####..#.....P..###..P#
.#......#.######......P.+P#.#.##
.##...........................P#
..+.....##...≈≈≈.≈≈≈......##..##
.P......P##.≈.≈≈.≈≈.≈.#....##..#
.##......##≈≈≈.≈.≈.≈≈..#..##...##
##..........≈≈≈sss≈≈≈.#######...#
#........#.....s@s....## ##.###
............≈≈≈sss≈≈≈..#####..#
............≈≈.≈.≈.≈≈.........##
............≈.≈≈.≈≈.≈..........#
...<.........≈≈≈.≈≈≈...........#
...............................#
.##.....#######...............##
##.....###.###.......###..##..#
##......#....+..!....###..##..#


You could see 2 wolf spiders, 4 tarantellas and 2 redbacks.

Vanquished Creatures
  Rupert (D:13)
  Jorgrun (Swamp:3)
  A thorn hunter (Swamp:3)
  Aizul (Swamp:3)
  An orc warlord (Orc:1)
  Azrael (D:15)
  A minotaur (Lab)
  A fire dragon (D:15)
  Fannar (Orc:1)
  18 hydras
  A merfolk avatar (Lair:6)
  A ghost crab (Swamp:4)
  A catoblepas (Lair:5)
  3 centaur warriors
  A queen ant (D:9)
  Erica (D:10)
  18 two-headed ogres
  3 ogre magi
  4 alligators
  4 tengu warriors (D:14)
  Urug (D:13)
  3 spriggans
  A titan skeleton (D:15)
  3 unseen horrors
  A spark wasp zombie (D:15)
  2 skeletal warriors (D:15)
  3 sea snakes (Lair:6)
  A spriggan druid (Swamp:2)
  A wizard (D:14)
  A glowing orange brain (shapeshifter) (D:14)
  3 deep trolls
  11 swamp dragons
  2 phantasmal warriors
  2 wolf spider zombies
  A shambling mangrove (Swamp:4)
  3 orc sorcerers
  5 harpies
  A necromancer (D:15)
  2 orc knights
  2 deep elf magi (D:14)
  A shadow dragon skeleton (D:15)
  7 ugly things
  4 cyclopes
  4 manticores
  4 centaur zombies
  26 elephants
  4 black mambas
  Maurice (D:13)
  The ghost of Anachronus the Bolt Thrower, a novice MiHu of Yredelemnul (D:6)
  10 spiny frogs
  A torpor snail (Lair:4)
  2 gargoyles
  10 komodo dragons
  A kobold demonologist (D:15)
  A yaktaur (D:14)
  A minotaur skeleton (Lab)
  2 freezing wraiths
  An efreet (D:14)
  5 rime drakes
  3 meliai (Lair:4)
  2 meliai (shapeshifter)
  2 queen bees
  A wind drake (Lair:6)
  A jumping spider (Lair:3)
  3 polar bears
  11 hornets
  10 trolls
  19 slime creatures
  5 tyrant leeches
  4 bog bodies
  12 hippogriffs
  A meliai zombie (D:15)
  A fire dragon skeleton (D:15)
  A spriggan (shapeshifter) (D:14)
  3 wyverns
  A wraith (D:14)
  A shadow (D:12)
  16 humans (D:13)
  4 fire elementals (D:15)
  34 yaks
  2 basilisks
  18 vampire mosquitoes
  2 wargs
  22 swamp worms
  10 insubstantial wisps (Swamp:1)
  15 soldier ants
  4 acid dragons
  3 hell hounds (D:15)
  20 water moccasins
  16 orc warriors
  4 black bears
  7 porcupines
  16 swamp drakes
  2 necrophages
  An ice beast (D:13)
  2 phantoms
  3 eyes of draining
  3 sky beasts
  28 ogres
  4 wolves (Lair:3)
  5 centaurs
  12 crocodiles
  4 big kobolds
  14 bullfrogs
  A gnoll sergeant (D:9)
  A wyvern skeleton (D:14)
  34 killer bees
  2 scorpions
  5 wights (D:7)
  3 electric eels
  3 bullfrog zombies
  8 crimson imps
  A quasit (D:8)
  16 orc priests
  2 jellies
  5 hounds
  4 centaur skeletons
  2 bullfrog skeletons
  An iguana (D:13)
  18 orc wizards
  38 worker ants
  2 hound skeletons
  A howler monkey zombie (D:7)
  2 worker ant zombies
  4 gnolls (D:9)
  13 adders
  9 shadow imps
  An ooze (D:2)
  An adder zombie (D:6)
  An adder skeleton (D:9)
  3 dart slugs
  A leopard gecko (D:9)
  72 orcs
  A ball python (D:6)
  8 bats
  A giant cockroach (D:7)
  6 goblins
  4 hobgoblins
  3 jackals (D:1)
  4 quokkas
  A frilled lizard (shapeshifter) (D:14)
  3 frilled lizards
  A jackal skeleton (D:7)
  36 kobolds
  A quokka skeleton (D:4)
  A quokka zombie (D:8)
  11 rats
886 creatures vanquished.

Vanquished Creatures (others)
  A centaur warrior (D:13)
  A centaur skeleton (D:15)
  A harpy skeleton (D:14)
  An orc wizard (D:10)
  22 fungi
  15 plants
  5 withered plants (D:15)
46 creatures vanquished.

Grand Total: 932 creatures vanquished

Notes
Turn   | Place    | Note
-------+----------+-------------------------------------------
     0 | D:1      | Firecrotchwizard the Gargoyle Earth Elementalist began the quest for the Orb.
     0 | D:1      | Reached XP level 1. HP: 10/10 MP: 3/3
   435 | D:1      | Reached skill level 4 in Earth Magic
   435 | D:1      | Reached XP level 2. HP: 15/15 MP: 3/5
   808 | D:1      | Reached XP level 3. HP: 17/19 MP: 6/6
   846 | D:1      | Learned a level 3 spell: Stone Arrow
  1403 | D:2      | Reached skill level 1 in Conjurations
  1517 | D:2      | Reached XP level 4. HP: 12/24 MP: 5/8
  1689 | D:2      | Reached skill level 3 in Spellcasting
  2561 | D:3      | Reached skill level 5 in Earth Magic
  2782 | D:3      | Reached skill level 2 in Conjurations
  2782 | D:3      | Reached XP level 5. HP: 25/28 MP: 9/9
  3125 | D:3      | Found a hide-covered altar of Uskayaw.
  3138 | D:3      | Noticed an ogre
  3143 | D:3      | Killed an ogre
  3143 | D:3      | Reached XP level 6. HP: 32/32 MP: 7/11
  3150 | D:3      | Learned a level 5 spell: Lee's Rapid Deconstruction
  3389 | D:4      | Reached skill level 3 in Conjurations
  3704 | D:4      | Reached skill level 4 in Spellcasting
  3995 | D:5      | Entered Level 5 of the Dungeon
  4033 | D:5      | Reached skill level 6 in Earth Magic
  4154 | D:5      | Noticed Menkaure
  4177 | D:5      | Reached skill level 1 in Fighting
  4177 | D:5      | Reached skill level 1 in Maces & Flails
  4177 | D:5      | Reached skill level 1 in Armour
  4177 | D:5      | Reached skill level 1 in Evocations
  4177 | D:5      | Reached XP level 7. HP: 38/38 MP: 9/13
  4184 | D:5      | Reached skill level 2 in Dodging
  4390 | D:5      | Found a sparkling altar of Nemelex Xobeh.
  4393 | D:5      | Noticed Edmund
  4523 | D:5      | Found a staircase to the Ecumenical Temple.
  4529 | Temple   | Entered the Ecumenical Temple
  4577 | Temple   | Became a worshipper of Vehumet
  5082 | D:5      | Noticed Sigmund
  5110 | D:5      | Reached skill level 2 in Fighting
  5110 | D:5      | Reached skill level 2 in Maces & Flails
  5110 | D:5      | Reached skill level 2 in Armour
  5491 | D:6      | Reached skill level 2 in Evocations
  5726 | D:6      | Noticed a yak
  5763 | D:6      | Killed a yak
  5763 | D:6      | Reached XP level 8. HP: 31/45 MP: 9/14
  5868 | D:6      | Noticed Anachronus's ghost (novice MiHu)
  5914 | D:6      | Reached skill level 3 in Armour
  5917 | D:6      | Reached skill level 3 in Fighting
  6169 | D:6      | Killed Anachronus's ghost
  6169 | D:6      | Reached skill level 3 in Maces & Flails
  6169 | D:6      | Reached skill level 3 in Dodging
  6169 | D:6      | Reached skill level 3 in Evocations
  6313 | D:6      | Noticed a water elemental
  6347 | D:6      | Found a stormy altar of Qazlal.
  6348 | D:6      | Noticed an air elemental
  6630 | D:7      | Noticed a hippogriff
  6637 | D:7      | Killed a hippogriff
  6637 | D:7      | Reached skill level 4 in Fighting
  6637 | D:7      | Reached skill level 4 in Armour
  6735 | D:7      | HP: 7/48 [orc priest/divine providence (12)]
  7020 | D:7      | Reached XP level 9. HP: 52/52 MP: 11/15
  7092 | D:7      | Reached skill level 4 in Maces & Flails
  7179 | D:7      | Found a blossoming altar of Fedhas.
  7202 | D:7      | Found a runed door.
  7467 | D:7      | Reached * piety under Vehumet
  7467 | D:7      | Offered knowledge of Flame Tongue by Vehumet.
  7554 | D:7      | Noticed a troll
  7574 | D:7      | Killed a troll
  7574 | D:7      | Reached skill level 4 in Dodging
  7574 | D:7      | Reached skill level 4 in Evocations
  8099 | D:7      | Reached skill level 5 in Armour
  8106 | D:7      | HP: 13/53 [disintegration (10)]
  8120 | D:7      | HP: 13/53 [disintegration (2)]
  8132 | D:7      | HP: 12/53 [bullfrog (3)]
  8134 | D:7      | Reached skill level 5 in Fighting
  8424 | D:7      | Found an iron altar of Okawaru.
  8878 | D:8      | Found a basalt altar of Yredelemnul.
  8967 | D:8      | Found a shadowy altar of Dithmenos.
  9108 | D:8      | Found an ornate altar of the Wu Jian Council.
  9108 | D:8      | Found a glowing silver altar of Zin.
  9115 | D:8      | Reached skill level 5 in Maces & Flails
  9115 | D:8      | Reached skill level 4 in Conjurations
  9146 | D:8      | Noticed a queen bee
  9177 | D:8      | Killed a queen bee
  9177 | D:8      | Reached XP level 10. HP: 44/60 MP: 3/16
  9336 | D:8      | Offered knowledge of Freeze by Vehumet.
  9351 | D:8      | Reached ** piety under Vehumet
  9485 | D:8      | Noticed a two-headed ogre
  9492 | D:8      | Killed a two-headed ogre
  9492 | D:8      | Reached skill level 6 in Fighting
  9492 | D:8      | Reached skill level 5 in Dodging
  9492 | D:8      | Reached skill level 7 in Earth Magic
  9561 | D:8      | Reached skill level 5 in Evocations
  9717 | D:8      | Reached skill level 5 in Spellcasting
 10007 | D:9      | Noticed a two-headed ogre
 10014 | D:9      | HP: 14/60 [two-headed ogre/giant club (15)]
 10015 | D:9      | Killed a two-headed ogre
 10015 | D:9      | Reached skill level 5 in Conjurations
 10764 | D:9      | Offered knowledge of Throw Flame by Vehumet.
 10838 | D:9      | Reached skill level 6 in Maces & Flails
 10866 | D:9      | Reached XP level 11. HP: 56/66 MP: 16/19
 10871 | D:9      | Reached *** piety under Vehumet
 10965 | D:9      | Noticed a queen ant
 11170 | D:9      | Firecrotchwizard: ??qyeen ant
 11170 | D:9      | beem: qyeen ant ~ queen ant[1/1]: Queen of the ants.
 11170 | D:9      | Firecrotchwizard: ??queen ant
 11170 | D:9      | beem: queen ant[1/1]: Queen of the ants.
 11170 | D:9      | Firecrotchwizard: @??queen ant
 11170 | D:9      | beem: queen ant (a)
                  | Spd:
    10 | HD: 13   | HP: 54-84
                  | AC/EV: 14/3
                  | Dam: 20(strong poison:47-84)
                  | Res: magic(60)
                  | Vul: poison
                  | Chunks: noxious
                  | XP:
   879 | Sz: Large | Int: animal.
 11188 | D:9      | Killed a queen ant
 11188 | D:9      | Reached skill level 7 in Fighting
 11188 | D:9      | Reached skill level 8 in Earth Magic
 11217 | D:9      | Offered knowledge of Dazzling Spray by Vehumet.
 11383 | D:9      | Reached skill level 6 in Conjurations
 11501 | D:9      | Reached **** piety under Vehumet
 11540 | D:9      | Reached skill level 6 in Evocations
 11822 | D:9      | Found a staircase to the Lair.
 11831 | Lair:1   | Entered Level 1 of the Lair of Beasts
 12023 | Lair:1   | Offered knowledge of Static Discharge by Vehumet.
 12047 | Lair:1   | Got a translucent ring mail
 12063 | Lair:1   | Reached skill level 1 in Shields
 12073 | Lair:1   | Reached skill level 6 in Spellcasting
 12670 | Lair:2   | Reached skill level 2 in Shields
 12983 | Lair:2   | Reached skill level 3 in Shields
 13513 | Lair:2   | Reached skill level 7 in Maces & Flails
 13531 | Lair:2   | Reached XP level 12. HP: 42/73 MP: 3/21
 13537 | Lair:2   | Reached skill level 4 in Shields
 13995 | Lair:3   | Noticed a four-headed hydra
 14130 | Lair:3   | Reached skill level 8 in Fighting
 14130 | Lair:3   | Reached skill level 7 in Conjurations
 14130 | Lair:3   | Reached skill level 9 in Earth Magic
 14160 | Lair:3   | HP: 17/73 [jumping spider (11)]
 14160 | Lair:3   | HP: 7/73 [jumping spider (10)]
 14276 | Lair:3   | HP: 16/73 [hippogriff (4)]
 14355 | Lair:3   | Killed a four-headed hydra
 14804 | Lair:3   | Noticed a four-headed hydra
 14809 | Lair:3   | Killed a four-headed hydra
 15043 | Lair:3   | Found a bloodstained altar of Trog.
 15111 | Lair:3   | Identified the cursed +0 ring mail "Somair" {rElec} (You found it on level 1 of the Lair of Beasts)
 15125 | Lair:3   | Found a hole to the Spider Nest.
 15149 | Lair:3   | Noticed a five-headed hydra
 15159 | Lair:3   | Killed a five-headed hydra
 15159 | Lair:3   | Reached skill level 6 in Dodging
 15159 | Lair:3   | Reached skill level 7 in Evocations
 15854 | Lair:3   | Reached skill level 7 in Spellcasting
 16507 | Lair:4   | HP: 14/75 [killer bee (8)]
 16757 | Lair:4   | Found the +0 Maxwell's etheric cage {RegenMP+ *Contam rElec MP+4}
 16770 | Lair:4   | Reached skill level 8 in Maces & Flails
 16909 | Lair:4   | Noticed a five-headed hydra
 16915 | Lair:4   | Killed a five-headed hydra
 16915 | Lair:4   | Reached skill level 8 in Conjurations
 17010 | Lair:4   | Reached ***** piety under Vehumet
 17015 | Lair:4   | Offered knowledge of Yara's Violent Unravelling by Vehumet.
 17015 | Lair:4   | Reached XP level 13. HP: 56/80 MP: 12/23
 17099 | Lair:4   | Reached skill level 9 in Fighting
 17245 | Lair:4   | Reached skill level 10 in Earth Magic
 17305 | Lair:4   | HP: 16/80 [yak[a torpor snail] (9)]
 18049 | Lair:4   | Found a staircase to the Swamp.
 19121 | Lair:5   | Reached skill level 7 in Dodging
 19158 | Lair:5   | Offered knowledge of Throw Icicle by Vehumet.
 19188 | Lair:5   | Reached skill level 8 in Evocations
 19361 | Lair:5   | Reached skill level 8 in Spellcasting
 20093 | Lair:6   | Entered Level 6 of the Lair of Beasts
 20108 | Lair:6   | Reached skill level 9 in Conjurations
 20119 | Lair:6   | Reached skill level 9 in Maces & Flails
 20502 | Lair:6   | Reached skill level 10 in Fighting
 20622 | Lair:6   | Gained mutation: Your large and strong wings let you fly indefinitely. [Gargoyle growth]
 20622 | Lair:6   | Reached XP level 14. HP: 88/88 MP: 24/26
 22291 | D:10     | Entered Level 10 of the Dungeon
 22609 | D:10     | Noticed Erica
 22611 | D:10     | Killed Erica
 22620 | D:10     | Reached skill level 8 in Dodging
 22622 | D:10     | Offered knowledge of Iron Shot by Vehumet.
 22622 | D:10     | Reached skill level 9 in Evocations
 22630 | D:10     | Learned a level 6 spell: Iron Shot
 22677 | D:10     | Found a staircase to the Orcish Mines.
 22691 | D:10     | Found a roughly hewn altar of Beogh.
 23234 | D:10     | Found a deep blue altar of Sif Muna.
 24271 | D:12     | Reached skill level 10 in Maces & Flails
 24559 | D:12     | Reached skill level 10 in Conjurations
 25113 | D:13     | Found a gate to the Vaults.
 25113 | D:13     | Noticed Rupert
 25113 | D:13     | Noticed Urug
 25268 | D:13     | Noticed Maurice
 25288 | D:13     | Found Rajibbao's Antique Armour Shop.
 25296 | D:13     | Bought a pair of transparent gloves for 285 gold pieces
 25306 | D:13     | Identified the cursed +0 pair of gloves "Gofumitu" {rElec rC- rN+++ Regen+ Stlth-} (You bought it in a shop on level 13 of the Dungeon)
 25392 | D:13     | Bought a runed buckler for 225 gold pieces
 25427 | D:13     | Killed Maurice
 25427 | D:13     | Offered knowledge of Freezing Cloud by Vehumet.
 25434 | D:13     | Learned a level 5 spell: Bolt of Magma
 25440 | D:13     | Reached skill level 11 in Fighting
 25456 | D:13     | Paralysed by Rupert for 3 turns
 25465 | D:13     | Killed Rupert
 25465 | D:13     | Reached skill level 1 in Fire Magic
 25971 | D:13     | Killed Urug
 25971 | D:13     | Reached XP level 15. HP: 88/95 MP: 17/27
 25978 | D:13     | Reached skill level 2 in Fire Magic
 26325 | D:14     | Found Wiypsuimid's Assorted Antiques.
 26326 | D:14     | Upgraded the game from 0.22-a0-294-ge3b9353 to 0.22-a0-300-g82e80c5
 26339 | D:14     | Found Eqeil's Book Shoppe.
 26814 | D:14     | Reached skill level 3 in Fire Magic
 26867 | D:14     | Reached skill level 11 in Earth Magic
 27324 | D:14     | Reached skill level 9 in Dodging
 27668 | Swamp:1  | Entered Level 1 of the Swamp
 27690 | Swamp:1  | Reached skill level 11 in Conjurations
 27690 | Swamp:1  | Reached skill level 4 in Fire Magic
 27692 | Swamp:1  | Offered knowledge of Bolt of Cold by Vehumet.
 28095 | Swamp:1  | Reached skill level 11 in Maces & Flails
 28407 | Swamp:1  | Reached skill level 9 in Spellcasting
 29059 | Swamp:2  | Reached skill level 5 in Fire Magic
 29136 | Swamp:2  | Identified a scroll of acquirement
 29471 | Swamp:3  | Noticed Aizul
 29475 | Swamp:3  | Reached XP level 16. HP: 96/101 MP: 12/29
 29712 | Swamp:3  | Reached skill level 12 in Earth Magic
 29839 | Swamp:3  | Noticed Jorgrun
 29852 | Swamp:3  | Killed Jorgrun
 30424 | Swamp:3  | Killed Aizul
 30424 | Swamp:3  | Reached skill level 6 in Fire Magic
 30671 | Swamp:3  | Noticed a thorn hunter
 30675 | Swamp:3  | Killed a thorn hunter
 31119 | Swamp:4  | Entered Level 4 of the Swamp
 31221 | Swamp:4  | Reached skill level 12 in Conjurations
 31712 | Swamp:4  | Reached skill level 10 in Spellcasting
 32019 | Swamp:4  | Noticed the 27-headed Lernaean hydra
 32048 | Swamp:4  | Reached skill level 7 in Fire Magic
 32080 | Swamp:4  | Got a decaying rune of Zot
 32363 | Swamp:4  | Noticed Kirke
 32536 | Orc:1    | Entered Level 1 of the Orcish Mines
 32542 | Orc:1    | Reached skill level 13 in Earth Magic
 33143 | Orc:1    | Found a burning altar of Makhleb.
 33242 | Orc:2    | Entered Level 2 of the Orcish Mines
 33386 | Orc:2    | Offered knowledge of Bolt of Fire by Vehumet.
 33550 | Orc:2    | Reached XP level 17. HP: 55/106 MP: 31/31
 33762 | Orc:2    | Reached ****** piety under Vehumet
 33767 | Orc:2    | Found Ofelamit's Assorted Antiques.
 33778 | Orc:2    | Bought a scroll of teleportation for 78 gold pieces
 33858 | Orc:2    | Found Enun Heu's Gadget Emporium.
 33860 | Orc:2    | Found Zutug's Assorted Antiques.
 33863 | Orc:2    | Found Sirolitwu's Book Boutique.
 33869 | Orc:2    | Found a staircase to the Elven Halls.
 33885 | Orc:2    | Found Vozxeru's Book Shoppe.
 34038 | Orc:2    | Reached skill level 8 in Fire Magic
 34597 | Orc:1    | Noticed Fannar
 34601 | Orc:1    | Killed Fannar
 34933 | D:14     | Bought a book of Spatial Translocations for 910 gold pieces
 34938 | D:14     | Learned a level 4 spell: Passage of Golubria
 35018 | D:14     | Reached skill level 13 in Conjurations
 35029 | D:14     | Reached skill level 1 in Translocations
 35095 | D:14     | Found Uta Ydoe's Food Emporium.
 35237 | D:14     | Found Cystrion's General Store.
 35469 | D:14     | Found Qenielafal's Weapon Emporium.
 35548 | D:15     | Entered Level 15 of the Dungeon
 35815 | D:15     | Found a labyrinth entrance.
 35824 | Lab      | Entered a labyrinth
 35987 | Lab      | Reached skill level 2 in Translocations
 35991 | Lab      | Got an ancient mace
 35998 | Lab      | Identified the +6 mace of Pain and Death {freeze, *Corrode rPois MP+9 Int+7} (You found it in a labyrinth)
 36008 | Lab      | Got a pitted trident
 36086 | D:15     | Reached skill level 11 in Spellcasting
 36284 | D:15     | Found a staircase to the Depths.
 36485 | D:15     | Noticed Azrael
 36504 | D:15     | Killed Azrael
 37179 | Spider:1 | Entered Level 1 of the Spider Nest
 37189 | Lair:3   | HP: 23/106 [wolf spider (14)]
 37190 | Lair:3   | HP: 9/106 [wolf spider (14)]
 37192 | Lair:3   | HP: 3/106 [wolf spider (6)]
 37192 | Lair:3   | Mangled by a tarantella

Vault maps used:
D:1:      minmay_arrival_four_houses
D:3:      nicolae_overflow_hidden_temple, first_ration, eino_tiny_chamber,
          kennysheep_generic_room_16
D:5:      minmay_temple_entry_fiery, nemelex_diamond_rough_becter, uniq_edmund,
          uniq_menkaure, uniq_sigmund
D:6:      nicolae_qazlal_style_of_elements, serial_glass, glass_columns_a,
          glass_columns_b, glass_columns_b, glass_columns_a, glass_columns_b,
          glass_columns_a, glass_columns_c, glass_columns_a, grunt_tough_drop
D:7:      old_standard_altar, fedhas_altar_3, uniq_crazy_yiuf_cottage
D:8:      lemuel_doored_altar, amethyst_overflow_temple_binary, serial_aquarium,
          aquarium_bridge_straight, aquarium_window_corridor_1,
          aquarium_window_1, aquarium_view_2b, david_nohive_1,
          grunt_ministairs_12, grunt_dithmenos_smoke
D:9:      lair_entry_dummy, zaba_anthell
D:10:     kennysheep_orc_sif_temple, minmay_orc_entry_temple_small,
          evilmike_surprise_oklob, uniq_erica
D:13:     david_vaults_3, serial_shops, shop, columned_hall_lemuel,
          serial_bayou_pond_e, uniq_maurice, uniq_rupert, uniq_urug
D:14:     evilmike_diamond_1, serial_glass, glass_columns_b, glass_columns_b,
          glass_columns_a, glass_columns_a, serial_shops,
          nicolae_shop_overgrown_old_shop, shop, nicolae_shop_trees, shop,
          shop_fountains, hangedman_aviary
D:15:     gammafunk_depths_entry_grave, nrook_mini_backslash, lab_entry_generic,
          minmay_misc_feat_roman, minmay_variable_closet, uniq_azrael
Temple:   kb_temple_of_zot
Lair:1:   lemuel_fruit_tree, grunt_megastairs_5, infiniplex_staircase_pool
Lair:2:   grunt_megastairs_4
Lair:3:   spider_nest_entry_a, basic_altar, grunt_megastairs_3
Lair:4:   minmay_swamp_entry_worms, special_room
Lair:5:   minmay_slime_entry_oklob_open, grunt_forest_small_clearings
Lair:6:   gammafunk_lair_ancient_temple
Swamp:1:  evilmike_swamp_ruin_rubble_1
Swamp:2:  nicolae_swamp_round_clearing, swamp_pool1, infiniplex_staircase_pool_2
Swamp:3:  evilmike_swamp_ruin_house_1, cheibrodos_swamp_slimy, uniq_aizul,
          uniq_jorgrun
Swamp:4:  swamp_old_school, uniq_kirke
Orc:1:    bloody_makhleb, uniq_fannar
Orc:2:    st_orc_open, serial_shops, nicolae_shop_waterfront,
          nicolae_orc_pool_cavern
Lab:      labyrinth_hidden_loot, nicolae_lab_statue, nicolae_lab_dead_end,
          nicolae_lab_hexagon, nicolae_lab_grate_2, nicolae_lab_quarters,
          labyrinth_baited_teleportation_trap, nicolae_lab_swirl,
          labyrinth_skeletal_remains, nicolae_lab_checkerboard

Skill      XL: |  1  2  3  4  5  6  7  8  9 10 11 12 13 14 15 16 17 |
---------------+----------------------------------------------------+-----
Earth Magic    | 4 5 6 7 8 9 10 11 13 | 13.7
Conjurations   | 1 2 3 4 5 6 8 9 10 11 12 13 | 13.4
Spellcasting   | 3 4 5 6 7 8 9 10 11 | 11.0
Fighting       | 1 2 4 5 6 7 8 10 11 | 11.8
Maces & Flails | 1 2 3 5 6 7 8 9 10 11 | 11.2
Armour         | 1 2 4 5 |  5.0
Evocations     | 1 2 3 4 5 6 7 8 9 |  9.1
Dodging        | 2 3 4 5 6 7 8 9 |  9.1
Shields        | 3 4 |  4.1
Fire Magic     | 1 5 7 8 |  8.8
Translocations | 2 |  2.8
Stealth        | |  2.1
Transmutations | |  0.7

Action                   |  1- 3 |  4- 6 |  7- 9 | 10-12 | 13-15 | 16-18 || total
-------------------------+-------+-------+-------+-------+-------+-------++-------
Melee: Unarmed           |    42 |       |       |       |       |       ||    42
       Club              |    69 |    38 |       |       |       |       ||   107
       Dagger            |     6 |    59 |       |       |       |       ||    65
       Whip              |       |    30 |   319 |   655 |   745 |   241 ||  1990
       Eveningstar       |       |       |       |       |       |   106 ||   106
Throw: Stone             |     1 |       |       |       |     1 |       ||     2
 Cast: Sandblast         |    25 |    20 |    72 |    43 |    70 |    22 ||   252
       Stone Arrow       |       |     1 |    23 |   162 |   657 |   430 ||  1273
       Lee's Rapid Decon |       |       |     2 |     3 |    17 |     8 ||    30
       Iron Shot         |       |       |       |       |    21 |    28 ||    49
       Bolt of Magma     |       |       |       |       |     4 |    15 ||    19
 Abil: Fly               |       |       |       |       |     1 |       ||     1
Evoke: Wand              |       |       |       |     2 |     5 |       ||     7
  Use: Scroll            |       |     4 |    12 |    14 |    14 |     9 ||    53
       Potion            |       |       |       |     2 |       |       ||     2
 Stab: Sleeping          |     2 |     5 |     2 |     3 |       |       ||    12
       Distracted        |       |       |       |     1 |       |       ||     1
  Eat: Chunk             |     2 |     6 |    25 |    28 |    38 |    13 ||   112
       Ration            |       |     1 |     1 |       |     2 |     6 ||    10
Armor: Robe              |    58 |    39 |   160 |   283 |   187 |       ||   727
       Ring mail         |       |       |       |       |   239 |       ||   239
       Swamp dragon scal |       |       |       |       |    26 |   393 ||   419
Dodge: Dodged            |   115 |    81 |   223 |   440 |   488 |   396 ||  1743
Block: Buckler           |       |       |       |    75 |   221 |   202 ||   498
       Reflection        |       |       |       |       |     6 |     8 ||    14

Table legend:
 A = Spawn XP
 B = Non-spawn XP
 C = Spawn XP percentage of total XP
 D = Spawn monster count
 E = Non-spawn monster count
 F = Spawn count percentage of total count
 G = Total turns spent on level
                    A         B        C        D         E        F      G
               +---------+---------+-------+---------+---------+-------+---------
         Total |       0 |  211076 |   0.0 |       0 |     887 |   0.0 | 37192
               +---------+---------+-------+---------+---------+-------+---------
           D:1 |       0 |      39 |   0.0 |       0 |      24 |   0.0 |  1145
           D:2 |       0 |      62 |   0.0 |       0 |      17 |   0.0 |   996
           D:3 |       0 |     249 |   0.0 |       0 |      24 |   0.0 |  1074
           D:4 |       0 |     114 |   0.0 |       0 |       4 |   0.0 |   805
           D:5 |       0 |     612 |   0.0 |       0 |      13 |   0.0 |  1194
           D:6 |       0 |     902 |   0.0 |       0 |      21 |   0.0 |  1585
           D:7 |       0 |    1923 |   0.0 |       0 |      43 |   0.0 |  1886
           D:8 |       0 |    2881 |   0.0 |       0 |      32 |   0.0 |  1182
           D:9 |       0 |    6189 |   0.0 |       0 |      74 |   0.0 |  2041
          D:10 |       0 |    6832 |   0.0 |       0 |      69 |   0.0 |  1680
          D:11 |       0 |    2153 |   0.0 |       0 |      17 |   0.0 |   814
          D:12 |       0 |    5122 |   0.0 |       0 |      20 |   0.0 |  1134
          D:13 |       0 |   12304 |   0.0 |       0 |      34 |   0.0 |  1213
          D:14 |       0 |   27898 |   0.0 |       0 |      71 |   0.0 |  1756
          D:15 |       0 |   15274 |   0.0 |       0 |      36 |   0.0 |  1230
        Lair:1 |       0 |    1549 |   0.0 |       0 |       9 |   0.0 |   906
        Lair:2 |       0 |    5028 |   0.0 |       0 |      18 |   0.0 |  1333
        Lair:3 |       0 |    8270 |   0.0 |       0 |      28 |   0.0 |  2433
        Lair:4 |       0 |   12542 |   0.0 |       0 |      55 |   0.0 |  2637
        Lair:5 |       0 |    6637 |   0.0 |       0 |      28 |   0.0 |  1471
        Lair:6 |       0 |   17730 |   0.0 |       0 |      44 |   0.0 |  1907
       Swamp:1 |       0 |   10109 |   0.0 |       0 |      38 |   0.0 |  1007
       Swamp:2 |       0 |    9045 |   0.0 |       0 |      26 |   0.0 |  1080
       Swamp:3 |       0 |   15465 |   0.0 |       0 |      31 |   0.0 |  1394
       Swamp:4 |       0 |   18845 |   0.0 |       0 |      35 |   0.0 |  1260
         Orc:1 |       0 |    4489 |   0.0 |       0 |      18 |   0.0 |   431
         Orc:2 |       0 |   16977 |   0.0 |       0 |      55 |   0.0 |  1294
           Lab |       0 |    1836 |   0.0 |       0 |       3 |   0.0 |   215
               +---------+---------+-------+---------+---------+-------+---------

Vault maps used:
D:1:      minmay_arrival_four_houses
D:3:      nicolae_overflow_hidden_temple, first_ration, eino_tiny_chamber,
          kennysheep_generic_room_16
D:5:      minmay_temple_entry_fiery, nemelex_diamond_rough_becter, uniq_edmund,
          uniq_menkaure, uniq_sigmund
D:6:      nicolae_qazlal_style_of_elements, serial_glass, glass_columns_a,
          glass_columns_b, glass_columns_b, glass_columns_a, glass_columns_b,
          glass_columns_a, glass_columns_c, glass_columns_a, grunt_tough_drop
D:7:      old_standard_altar, fedhas_altar_3, uniq_crazy_yiuf_cottage
D:8:      lemuel_doored_altar, amethyst_overflow_temple_binary, serial_aquarium,
          aquarium_bridge_straight, aquarium_window_corridor_1,
          aquarium_window_1, aquarium_view_2b, david_nohive_1,
          grunt_ministairs_12, grunt_dithmenos_smoke
D:9:      lair_entry_dummy, zaba_anthell
D:10:     kennysheep_orc_sif_temple, minmay_orc_entry_temple_small,
          evilmike_surprise_oklob, uniq_erica
D:13:     david_vaults_3, serial_shops, shop, columned_hall_lemuel,
          serial_bayou_pond_e, uniq_maurice, uniq_rupert, uniq_urug
D:14:     evilmike_diamond_1, serial_glass, glass_columns_b, glass_columns_b,
          glass_columns_a, glass_columns_a, serial_shops,
          nicolae_shop_overgrown_old_shop, shop, nicolae_shop_trees, shop,
          shop_fountains, hangedman_aviary
D:15:     gammafunk_depths_entry_grave, nrook_mini_backslash, lab_entry_generic,
          minmay_misc_feat_roman, minmay_variable_closet, uniq_azrael
Temple:   kb_temple_of_zot
Lair:1:   lemuel_fruit_tree, grunt_megastairs_5, infiniplex_staircase_pool
Lair:2:   grunt_megastairs_4
Lair:3:   spider_nest_entry_a, basic_altar, grunt_megastairs_3
Lair:4:   minmay_swamp_entry_worms, special_room
Lair:5:   minmay_slime_entry_oklob_open, grunt_forest_small_clearings
Lair:6:   gammafunk_lair_ancient_temple
Swamp:1:  evilmike_swamp_ruin_rubble_1
Swamp:2:  nicolae_swamp_round_clearing, swamp_pool1, infiniplex_staircase_pool_2
Swamp:3:  evilmike_swamp_ruin_house_1, cheibrodos_swamp_slimy, uniq_aizul,
          uniq_jorgrun
Swamp:4:  swamp_old_school, uniq_kirke
Orc:1:    bloody_makhleb, uniq_fannar
Orc:2:    st_orc_open, serial_shops, nicolae_shop_waterfront,
          nicolae_orc_pool_cavern
Lab:      labyrinth_hidden_loot, nicolae_lab_statue, nicolae_lab_dead_end,
          nicolae_lab_hexagon, nicolae_lab_grate_2, nicolae_lab_quarters,
          labyrinth_baited_teleportation_trap, nicolae_lab_swirl,
          labyrinth_skeletal_remains, nicolae_lab_checkerboard

Table legend:
 A = Turns spent in this place as a percentage of turns spent in the entire game.
 B = Non-inter-level travel turns spent in this place as a percentage of non-inter-level travel turns spent in the entire game.
 C = Inter-level travel turns spent in this place as a percentage of turns spent in this place.
 D = Turns resting spent in this place as a percentage of non-inter-level travel turns spent in this place.
 E = Turns spent auto-exploring this place as a percentage of non-inter-level travel turns spent in this place.
 F = Non-inter-level travel turns spent in this place divided by the number of levels of this place that you've seen.
                   A       B       C       D       E      F
               +-------+-------+-------+-------+-------+----------------------
         Total | 100.0 | 100.0 |   5.3 |  36.8 |  38.3 | 1174.4
       Dungeon |  53.1 |  53.1 |   5.2 |  32.2 |  42.1 | 1247.3
        Temple |   0.2 |   0.1 |  40.2 |   0.0 |  89.8 |  49.0
          Lair |  28.7 |  28.5 |   5.9 |  45.5 |  34.3 | 1676.0
         Swamp |  12.7 |  13.0 |   3.7 |  39.2 |  32.6 | 1141.0
   Spider Nest |   0.0 |   0.0 |   0.0 |   0.0 |   0.0 |   7.0
  Orcish Mines |   4.6 |   4.6 |   5.3 |  35.7 |  38.1 | 816.5
     Labyrinth |   0.6 |   0.6 |   0.0 |   0.0 |   0.0 | 215.0
               +-------+-------+-------+-------+-------+----------------------

Table legend:
 A = Kills in this place as a percentage of kills in entire the game.
 B = Kills by you in this place as a percentage of kills by you in the entire game.
 C = Kills by friends in this place as a percentage of kills by friends in the entire game.
 D = Other kills in this place as a percentage of other kills in the entire game.
 E = Experience gained in this place as a percentage of experience gained in the entire game.
 F = Experience gained in this place divided by the number of levels of this place that you have seen.
                   A       B       C       D       E      F
               +-------+-------+-------+-------+-------+----------------------
         Total | 100.0 | 100.0 |   N/A | 100.0 | 100.0 | 7035.9
       Dungeon |  56.3 |  56.2 |   N/A | 100.0 |  39.1 | 5503.6
          Lair |  20.5 |  20.5 |   N/A |   0.0 |  24.5 | 8626.0
         Swamp |  14.7 |  14.7 |   N/A |   0.0 |  25.3 | 13366.0
  Orcish Mines |   8.2 |   8.2 |   N/A |   0.0 |  10.2 | 10733.0
     Labyrinth |   0.3 |   0.3 |   N/A |   0.0 |   0.9 | 1836.0
               +-------+-------+-------+-------+-------+----------------------
